 Dungeon Crawl Stone Soup version 0.30-a0-4-ga7cffc901d (webtiles) character file.

Game seed: 15004958674168843490

81 Setbun the Cutter (level 4, -5/26 HPs)
             Began as a Kobold Brigand on Aug 21, 2022.
             Slain by an orc priest
             ... wielding a +0 mace
              (6 damage)
             ... on level 3 of the Dungeon.
             The game lasted 00:01:20 (1840 turns).

Setbun the Cutter (Kobold Brigand)                  Turns: 1840, Time: 00:01:21

Health: -5/26      AC:  5    Str:  8    XL:     4   Next: 67%
Magic:  4/4        EV: 14    Int: 12    God:
Gold:   109        SH:  0    Dex: 18    Spells: 3/3 levels left

rFire   . . .      SeeInvis .    a - +2 dagger
rCold   . . .      Faith    .    (no shield)
rNeg    . . .      Spirit   .    b - +0 robe
rPois   .          Reflect  .    (no helmet)
rElec   .          Harm     .    s - +1 cloak
rCorr   .          Rampage  .    h - +0 pair of gloves
Will    .....                    (no boots)
Stlth   ++++......               (no amulet)
HPRegen 0.08/turn                (no ring)
MPRegen 0.09/turn                (no ring)

@: no status effects
A: small, no large weapons, nightstalker 3
a: no special abilities


You were on level 3 of the Dungeon.
You visited 1 branch of the dungeon, and saw 3 of its levels.

You collected 109 gold pieces.

Inventory:

Hand Weapons
 a - a +2 dagger (weapon)
Missiles
 d - 11 poisoned darts (quivered)
 e - 3 curare-tipped darts
Armour
 b - a +0 robe (worn)
 c - a +0 cloak
 h - a +0 pair of gloves (worn)
 s - a +1 cloak (worn)
Scrolls
 f - a scroll of immolation {unknown}
 k - a scroll of fear {unknown}
 m - a scroll of teleportation {unknown}
 n - a scroll of noise {unknown}
 r - a scroll of enchant armour {unknown}
Potions
 g - a potion of lignification {unknown}
 i - a potion of curing {unknown}
 j - a potion of degeneration {unknown}
 l - a potion of flight {unknown}
 o - a potion of might {unknown}
 p - a potion of brilliance {unknown}
 q - a potion of magic {unknown}


   Skills:
 - Level 2.1 Fighting
 + Level 6.0 Short Blades
 - Level 2.1 Throwing
 - Level 1.2 Dodging
 - Level 5.3 Stealth


You had 3 spell levels left.
You didn't know any spells.
Your spell library contained the following spells:

 Spells                   Type           Power      Damage    Failure   Level
 Gell's Gravitas          Tloc           0%         N/A       69%         3
 Lesser Beckoning         Tloc           0%         N/A       69%         3
 Teleport Other           Tloc           0%         N/A       69%         3


Dungeon Overview and Level Annotations

Branches:
Dungeon (3/15)

Altars:

Shops:
D:3 [


Innate Abilities, Weirdness & Mutations

You are small and have problems with some larger weapons.
You are completely attuned to the shadows.


Message History

The orc misses you.
You completely miss the orc.
The orc is moderately wounded.
You hit the orc.
The orc is severely wounded.
The orc hits you with a +0 war axe!
You hit the orc but do no damage.
The orc is severely wounded.
The orc closely misses you.
You hit the orc.
The orc is almost dead.
You hit the orc but do no damage.
The orc is almost dead.
The orc hits you with a +0 war axe. The orc priest misses you.
You are too injured to fight recklessly!
You are too injured to fight recklessly!
You are too injured to fight recklessly!
You are too injured to fight recklessly!
You are too injured to fight recklessly!
You are too injured to fight recklessly!
You are too injured to fight recklessly!
You are too injured to fight recklessly!
You are too injured to fight recklessly!
You are too injured to fight recklessly!
You are too injured to fight recklessly!
You are too injured to fight recklessly!
You are too injured to fight recklessly!
You barely miss the orc priest. The orc hits you with a +0 war axe.
The orc priest calls upon Beogh to heal the orc.
The orc is healed somewhat.
You completely miss the orc priest. The orc hits you with a +0 war axe.
The orc priest calls down the wrath of Beogh upon you.
Pain shoots through your body!
* * * LOW HITPOINT WARNING * * *
You hit the orc priest.
The orc priest is moderately wounded.
You barely miss the orc priest.
The orc priest is moderately wounded.
The orc closely misses you. The orc priest hits you with a +0 mace.
You die...

#####.####..#####.####
..##.####..# #.#
....>..##..# #.#
#####.#.##..# #.#
......#.##..# #.#
....#.#.##..# #.#
....#.#.##..#####.#
..................#
.....@o.....#####.#
...#o#'##..# #.#
...........# #.#
...#.......# #.#
..#.......# .......#
.......# .......#
.......#


You could see an orc priest and an orc.

Vanquished Creatures
  Crazy Yiuf (D:2)
  A gnoll (D:1)
  2 adders (D:2)
  3 bats
  2 endoplasms (D:1)
  4 giant cockroaches
  A goblin (D:2)
  2 hobgoblins
  2 jackals (D:2)
  4 ball pythons
  A kobold (D:1)
  3 rats
26 creatures vanquished.

Vanquished Creatures (others)
  4 fungi (D:2)
  9 plants (D:2)
13 creatures vanquished.

Grand Total: 39 creatures vanquished

Notes
Turn   | Place    | Note
-------+----------+-------------------------------------------
     0 | D:1      | Setbun the Kobold Brigand began the quest for the Orb.
     0 | D:1      | Reached XP level 1. HP: 12/12 MP: 1/1
   204 | D:1      | Reached skill level 3 in Short Blades
   369 | D:1      | Reached XP level 2. HP: 17/17 MP: 2/2
   665 | D:1      | Reached skill level 4 in Short Blades
   665 | D:1      | Reached XP level 3. HP: 21/21 MP: 3/3
   878 | D:2      | Found a faded altar of an unknown god.
  1294 | D:2      | Reached skill level 5 in Short Blades
  1315 | D:2      | Reached XP level 4. HP: 26/26 MP: 4/4
  1460 | D:2      | Found a runed translucent door.
  1463 | D:2      | Noticed Crazy Yiuf
  1468 | D:2      | Killed Crazy Yiuf
  1469 | D:2      | Reached skill level 6 in Short Blades
  1788 | D:3      | Found Etyanaiw's Antique Armour Shop.
  1838 | D:3      | HP: 1/26 [orc priest/nerve-wracking pain (7)]
  1840 | D:3      | Slain by an orc priest

Illustrated notes

Levels and vault maps discovered:
D:1:      minmay_arrival_jagged, layout_basic
D:2:      layout_basic, shapermc_ecumenical_altar_mp_ritualfount,
          uniq_crazy_yiuf_cottage
D:3:      layout_basic, cheibrodos_ashenzari_chains,
          mainiacjoe_overflow_chevrons, serial_shops,
          nicolae_shop_window_shopping, minmay_misc_feat_tiny,
          minmay_diced_spiral, uniq_robin, uniq_grinder

Skill      XL: |  1  2  3  4 |
---------------+-------------+-----
Short Blades   | 3 4 5 6 |  6.0
Fighting       | |  2.1
Throwing       | |  2.1
Dodging        | |  1.2
Stealth        | |  5.3

Action                   |  1- 3 |  4- 6 || total
-------------------------+-------+-------++-------
Melee: Dagger            |    32 |    16 ||    48
 Stab: Sleeping          |    18 |     2 ||    20
Armor: Robe              |     4 |     1 ||     5
Dodge: Dodged            |    10 |     5 ||    15

Table legend: (Time is in decaauts)
 A = Elapsed time spent in this place.
 B = Non-inter-level travel time spent in this place.
 C = Inter-level travel time spent in this place.
 D = Time resting spent in this place.
 E = Time spent auto-exploring this place.
 F = Levels seen in this place.
 G = Mean time per level.
                   A        B        C        D        E       F      G
               +--------+--------+--------+--------+--------+-----+--------+
         Total |   1828 |   1791 |     37 |      0 |   1578 |   3 |  609.3 |
       Dungeon |   1828 |   1791 |     37 |      0 |   1578 |   3 |  609.3 |
               +--------+--------+--------+--------+--------+-----+--------+

Top non-repeatable levels by time:
     D:2: 925 daAuts
     D:1: 769 daAuts
     D:3: 133 daAuts
